 Dungeon Crawl Stone Soup version 0.31.0-11-ge490571c62 (webtiles) character file.

Game seed: 13360936273328833725

730 Minsecho the Slasher (level 7, -7/41 HPs)
             Began as a Tengu Reaver on Feb 11, 2024.
             Was a Follower of Wu Jian.
             Mangled by Menkaure (15 damage)
             ... on level 5 of the Dungeon.
             The game lasted 00:07:58 (3160 turns).

Minsecho the Slasher (Tengu Reaver)                 Turns: 3160, Time: 00:07:59

Health: -7/41      AC: 15    Str: 19    XL:     7   Next: 73%
Magic:  11/11      EV: 14    Int: 16    God:    Wu Jian [*.....]
Gold:   255        SH:  0    Dex: 12    Spells: 9/10 levels left

rFire   . . .        o - +4 dagger "Cageerphyd" {protect, *Rage Str+4 Int+3 SInv}
rCold   . . .        (no shield)
rNeg    . . .        e - +0 scale mail
rPois   .            (helmet restricted)
rElec   .            h - +0 cloak
rCorr   .            (no gloves)
SInv    +            (boots unavailable)
Will    .....        (no amulet) Stlth
                     (no ring)
HPRegen 0.26/turn    (no ring)
MPRegen 0.12/turn

%: random rage (20%), acrobat
@: under a protective aura, on berserk cooldown, flying, hasted and slowed
A: beak, talons 3, evasive flight, acrobatic
a: Renounce Religion


You were on level 5 of the Dungeon.
You worshipped Wu Jian.
Wu Jian was aware of your devotion.
You visited 1 branch of the dungeon, and saw 5 of its levels.

You collected 305 gold pieces.
You spent 50 gold pieces at shops.

Inventory:

Hand Weapons
 a - a +0 falchion
 m - a +0 long sword
 o - the +4 dagger "Cageerphyd" (weapon) {protect, *Rage Str+4 Int+3 SInv}
   (You found it on level 2 of the Dungeon)

   Str+4:     It affects your strength (+4).
   Int+3:     It affects your intelligence (+3).
   SInv:      It lets you see invisible.
   *Rage:     It berserks you when you make melee attacks (+20% chance).
 w - a +2 dagger of draining
 x - a +0 dagger of venom
Missiles
 l - 2 datura-tipped darts
Armour
 b - a +0 leather armour
 e - a +0 scale mail (worn)
 h - a +0 cloak (worn)
Wands
 y - a wand of paralysis (9)
Scrolls
 c - a scroll of revelation {unknown}
 f - a scroll of teleportation
 j - 2 scrolls of vulnerability {unknown}
 k - 3 scrolls of identify {unknown}
 n - a scroll of fog {unknown}
 s - a scroll of enchant weapon {unknown}
 u - 2 scrolls of fear {unknown}
 v - 2 scrolls of enchant armour {unknown}
 A - a scroll of blinking {unknown}
Potions
 d - 2 potions of resistance {unknown}
 g - a potion of brilliance {unknown}
 i - 2 potions of haste
 p - a potion of lignification {unknown}
 r - a potion of might {unknown}
 t - a potion of attraction {unknown}
 z - a potion of heal wounds {unknown}


   Skills:
 + Level 3.3 Fighting
 * Level 7.7 Long Blades
 + Level 0.9 Throwing
 + Level 3.5 Armour
 + Level 3.0 Dodging
 + Level 2.0 Spellcasting
 + Level 4.4 Conjurations


You had 9 spell levels left.
You knew the following spells:

 Your Spells              Type           Power      Damage    Failure   Level
a - Kiss of Death         Conj/Necr      32%        2d7       24%         1

Your spell library contained the following spells:

 Spells                   Type           Power      Damage    Failure   Level
 Momentum Strike          Conj/Tloc      16%        3d8       36%         2
 Hailstorm                Conj/Ice       8%         3d5       58%         3


Dungeon Overview and Level Annotations

Branches:
Dungeon (5/15)
 Temple: D:4-7

Altars:
Wu Jian
The Shining One

Shops:
D:1 :[?!

Annotations:
D:5 Menkaure


Innate Abilities, Weirdness & Mutations

You have a beak for a mouth.
You have claws for feet.
Your magical flight helps you evade attacks. (EV +4)
You can magically evade attacks while moving or waiting.


Message History

The Council accepts your kill.
Something unseen opens the door.
You feel a strong urge to attack something.
Menkaure casts a spell.
Menkaure seems to speed up.
You feel your anger nearly subside.
You are no longer berserk.
You are exhausted.
You feel yourself slow down.
There is an open door here.
You hit Menkaure. You claw Menkaure. Your peck misses Menkaure.
Menkaure is lightly damaged.
Menkaure barely misses you.
You hit Menkaure. You peck Menkaure.
Menkaure is moderately damaged.
Menkaure barely misses you.
You hit Menkaure. Your peck misses Menkaure.
Menkaure is heavily damaged.
Menkaure hits you!
You hit Menkaure but do no damage. You peck Menkaure.
Menkaure is heavily damaged.
Menkaure wails, "Why can't you leave me to my rest?"
Menkaure barely misses you.
You hit Menkaure. You peck Menkaure, but do no damage.
Menkaure is severely damaged.
Menkaure calls on the powers of darkness!
Your body is wracked with pain!
* * * LOW HITPOINT WARNING * * *
You feel better. Menkaure hits you!
* * * LOW HITPOINT WARNING * * *
Okay, then.
Aiming: Paralyse
Press: ? - help, Shift-Dir - straight line, f - Menkaure
Aim: Menkaure (severely damaged, fast, chance to affect: 49%)
Okay, then.
Unknown command.
Aiming: Paralyse
Press: ? - help, Shift-Dir - straight line, f - Menkaure
Aim: Menkaure (severely damaged, fast, chance to affect: 49%) Menkaure resists with some effort.
Menkaure hits you!
You die...

############ #..........#
######### #..........#
#.......#
#..........######......(.
+..........'...M@>.......
#..........######.......#
#..........# #.......#
...........# #.......#
.).........# #.......#
)).........# #†.######
...........# #..#
...M######## #..#
....#### #..#


You could see Menkaure (fast).

Vanquished Creatures
  A water moccasin (D:3)
  2 ogres (D:4)
  A scorpion (D:4)
  A hound (D:5)
  3 orc priests (D:4)
  2 orc wizards (D:4)
  2 iguanas
  Robin (D:2)
  3 gnolls (D:5)
  5 adders
  A dart slug (D:1)
  2 ribbon worms
  15 orcs
  2 ball pythons
  7 bats
  9 endoplasms
  4 giant cockroaches
  8 goblins
  6 hobgoblins
  5 kobolds
  3 quokkas
  6 frilled lizards
  6 rats
95 creatures vanquished.

Notes
Turn   | Place    | Note
-------+----------+-------------------------------------------
     0 | D:1      | Minsecho the Tengu Reaver began the quest for the Orb.
     0 | D:1      | Reached XP level 1. HP: 12/12 MP: 4/4
    66 | D:1      | Found Gyebuor's Armour Boutique.
   126 | D:1      | Found Jinn's Book Boutique.
   189 | D:1      | Reached XP level 2. HP: 17/17 MP: 6/6
   248 | D:1      | Found Iviar's Magic Scroll Shoppe.
   255 | D:1      | Bought a scroll of teleportation for 39 gold pieces
   633 | D:1      | Reached XP level 3. HP: 10/21 MP: 7/7
   680 | D:1      | Found Ezopteety's Distillery.
   683 | D:1      | Bought a potion of degeneration for 11 gold pieces
   723 | D:1      | Reached skill level 4 in Long Blades
   949 | D:2      | Noticed Robin
   977 | D:2      | Reached skill level 1 in Armour
   979 | D:2      | Killed Robin
  1047 | D:2      | Reached XP level 4. HP: 26/26 MP: 8/8
  1259 | D:2      | Identified the +4 dagger "Cageerphyd" {protect, *Rage Str+4
                  | Int+3 SInv}
  1720 | D:3      | Found an ornate altar of the Wu Jian Council.
  1854 | D:3      | Reached skill level 5 in Long Blades
  2045 | D:3      | Noticed a water moccasin
  2055 | D:3      | Killed a water moccasin
  2056 | D:3      | Reached XP level 5. HP: 31/31 MP: 9/9
  2070 | D:3      | Became a worshipper of the Wu Jian Council
  2166 | D:4      | Reached XP level 6. HP: 36/36 MP: 10/10
  2167 | D:4      | Reached skill level 6 in Long Blades
  2633 | D:4      | Reached * piety under Wu Jian
  2634 | D:4      | Reached skill level 7 in Long Blades
  2634 | D:4      | Gained mutation: Your magical flight helps you evade
                  | attacks. (EV +4) [Tengu growth]
  2634 | D:4      | Reached XP level 7. HP: 34/40 MP: 11/11
  2822 | D:4      | Found a glowing golden altar of the Shining One.
  3020 | D:5      | Entered Level 5 of the Dungeon
  3115 | D:5      | Noticed Menkaure
  3160 | D:5      | Mangled by Menkaure

Illustrated notes

Levels and vault maps discovered:
D:1:      nicolae_arrival_memento_mori, layout_loops_cross, serial_shops,
          nicolae_shop_pleasant_corner_grove, nicolae_shop_trees,
          nicolae_shop_real_fake_doors, shop, chequers_serial_rivers_small_b
D:2:      layout_loops_ring, uniq_robin
D:3:      layout_rooms, old_standard_altar
D:4:      layout_cave_pools, mainiacjoe_overflow_cross_hatched
D:5:      layout_basic, amcnicky_altar_gilded, uniq_ijyb, uniq_menkaure

Skill      XL: |  1  2  3  4  5  6  7 |
---------------+----------------------+-----
Long Blades    | 4 5 7 |  7.7
Armour         | 1 2 3 |  3.5
Fighting       | 3 |  3.3
Dodging        | 3 |  3.0
Throwing       | |  0.9
Spellcasting   | |  2.0
Conjurations   | |  4.4

Action                     |  1- 3 |  4- 6 |  7- 9 || total
---------------------------+-------+-------+-------++-------
  Melee: Falchion          |    84 |     5 |       ||    89
         Kick              |    21 |    25 |    11 ||    57
         Peck              |     5 |    10 |     8 ||    23
         Punch             |     1 |     1 |     2 ||     4
         Dagger            |       |    85 |    43 ||   128
         Long sword        |       |     8 |       ||     8
  Throw: Dart              |       |     2 |       ||     2
Ability: Lunge             |       |     9 |     4 ||    13
         Whirlwind         |       |       |     1 ||     1
  Evoke: Wand              |       |       |     1 ||     1
    Use: Potion            |       |       |     3 ||     3
 Armour: Leather armour    |     7 |       |       ||     7
         Scale mail        |    44 |    42 |     7 ||    93
  Dodge: Dodged            |    51 |    37 |    17 ||   105
